 Dungeon Crawl Stone Soup version 0.25-a0-410-g53dbb631d1 (webtiles) character file.

Game seed: 3729340465021429360, levelgen mode: deterministic

319 Eregion the Poker (level 6, -7/47 HPs)
             Began as a Merfolk Gladiator on Jan 13, 2020.
             Splashed by Ijyb's acid (13 damage)
             ... on level 4 of the Dungeon.
             The game lasted 00:17:59 (3189 turns).

Eregion the Poker (Merfolk Gladiator)               Turns: 3189, Time: 00:18:00

Health: -7/47      AC:  6    Str: 14    XL:     6   Next: 46%
Magic:  6/6        EV: 14    Int:  9    God:
Gold:   159        SH:  0    Dex: 16    Spells: 5/5 levels left

rFire    . . .     SeeInvis .   a - +0 trident
rCold    + . .     Gourm    .   (no shield)
rNeg     . . .     Faith    .   p - +0 ring mail
rPois    .         Spirit   .   z - +0 helmet
rElec    .         Reflect  .   (no cloak)
rCorr    .         Harm     .   (no gloves)
MR       .....                  (no boots)
Stlth    +.........             (no amulet)
HPRegen  0.15/turn              l - ring of protection from fire
MPRegen  0.10/turn              A - ring of ice

@: no status effects
A: change form in water, swift swim, stealthy swim
a: no special abilities


You were on level 4 of the Dungeon.
You were near starving.

You visited 1 branch of the dungeon, and saw 4 of its levels.

You collected 159 gold pieces.

Inventory:

Hand Weapons
 a - a +0 trident (weapon)
 j - a +2 whip of freezing
 w - the +8 whip of Qaedyill {freeze, rPois rC+ Str+2, unknown}
   (You found it on level 4 of the Dungeon)

   It has been specially enchanted to freeze those struck by it, causing extra
   injury to most foes and up to half again as much damage against particularly
   susceptible opponents.
   It can also slow down cold-blooded creatures.
   It affects your strength (+2).
   It protects you from cold.
   It protects you from poison.
Missiles
 d - 5 throwing nets
 e - 17 arrows
 o - 5 curare-tipped darts (quivered)
 v - 3 atropa-tipped darts
Armour
 b - a +0 leather armour
 c - a +0 helmet
 i - a cursed +0 scale mail
 p - a +0 ring mail (worn)
 y - a +0 animal skin
 z - a +0 helmet (worn)
Jewellery
 l - a ring of protection from fire (left hand)
 A - a ring of ice (right hand)
Wands
 k - a wand of random effects (15)
 r - a wand of disintegration (12)
 x - a wand of polymorph (7)
Scrolls
 m - a scroll of identify
 n - 2 scrolls of remove curse
Potions
 g - 3 potions of cancellation {unknown}
 h - a potion of haste
 q - a potion of ambrosia
 s - a potion of degeneration {unknown}
 t - a potion of brilliance {unknown}
 u - a potion of resistance {unknown}
 B - a potion of agility {unknown}
Comestibles
 f - 10 rations


   Skills:
 + Level 3.0 Fighting
 + Level 7.3 Polearms
 + Level 2.2 Throwing
 + Level 1.6 Armour
 + Level 5.6 Dodging
 + Level 1.1 Stealth
 * Level 0.3 Spellcasting


You had 5 spell levels left.
You didn't know any spells.
Your spell library contained the following spells:

 Spells                   Type           Power        Failure   Level  Hunger
 Confusing Touch          Hex            #.......     94%         3    ####...
 Gell's Gravitas          Tloc           #.........   94%         3    ####...
 Petrify                  Tmut/Erth      #.......     100%        4    #####..
 Metabolic Englaciation   Hex/Ice        #.........   100%        5    ######.
 Yara's Violent Unravell  Hex/Tmut       #.........   100%        5    ######.


Dungeon Overview and Level Annotations

Branches:
Dungeon (4/15)
 Temple: D:4-7

Altars:
Cheibriados
Yredelemnul

Annotations:
D:4 Blork the orc, Ijyb


Message History

You barely miss Ijyb. Ijyb misses you.
You closely miss Ijyb.
Ijyb zaps a wand.
The bolt of acid misses you.
You closely miss Ijyb. Ijyb hits you but does no damage.
You barely miss Ijyb. You closely miss Ijyb. Ijyb hits you but does no damage.
You hit Ijyb.
Ijyb is lightly wounded.
Ijyb zaps a wand.
The bolt of acid misses you.
You hit Ijyb but do no damage.
Ijyb is lightly wounded.
Ijyb hits you but does no damage.
You hit Ijyb but do no damage.
Ijyb is lightly wounded.
Ijyb hits you but does no damage.
You hit Ijyb.
Ijyb is moderately wounded.
Ijyb zaps a wand.
The bolt of acid hits you!!
* * * LOW HITPOINT WARNING * * *
You are splashed with acid!
You die...

############
#...@g.....#
#.########..
#.#######.
#######.#.<.....
#......).......#
#.#####.#.###...
#.# #.#.## #.#
#.#..# #.#
#.##.##.


You could see Ijyb.

Vanquished Creatures
  Natasha (thrice) (D:3)
  An orc wizard (D:4)
  2 worker ants
  A worker ant zombie (D:4)
  Robin (D:3)
  4 adders
  An adder zombie (D:4)
  3 dart slugs
  6 leopard geckos
  9 orcs
  4 giant cockroaches
  15 goblins
  12 hobgoblins
  3 jackals (D:2)
  2 quokkas
  6 bats
  6 frilled lizards
  A jackal skeleton (D:4)
  6 kobolds
  8 rats
  3 fungi (D:1)
97 creatures vanquished.

Notes
Turn   | Place    | Note
-------+----------+-------------------------------------------
     0 | D:1      | Eregion the Merfolk Gladiator began the quest for the Orb.
     0 | D:1      | Reached XP level 1. HP: 16/16 MP: 1/1
   114 | D:1      | Reached XP level 2. HP: 19/22 MP: 2/2
   285 | D:1      | Reached skill level 5 in Polearms
   287 | D:1      | Reached XP level 3. HP: 15/27 MP: 3/3
  1061 | D:2      | Reached skill level 5 in Dodging
  1062 | D:2      | Reached XP level 4. HP: 32/33 MP: 4/4
  1187 | D:2      | Reached skill level 1 in Armour
  1295 | D:2      | Found a basalt altar of Yredelemnul.
  1463 | D:3      | Noticed Robin
  1499 | D:3      | Reached XP level 5. HP: 25/39 MP: 5/5
  1503 | D:3      | Killed Robin
  1503 | D:3      | Reached skill level 6 in Polearms
  1521 | D:3      | Reached skill level 1 in Stealth
  1796 | D:3      | Found a snail-covered altar of Cheibriados.
  2141 | D:3      | Noticed Natasha
  2153 | D:3      | Killed Natasha
  2546 | D:3      | Noticed Natasha
  2568 | D:3      | Killed Natasha
  2612 | D:3      | Noticed Natasha
  2623 | D:3      | Killed Natasha
  2623 | D:3      | Reached skill level 7 in Polearms
  2623 | D:3      | Reached XP level 6. HP: 21/46 MP: 6/6
  2716 | D:4      | Got a pitted whip
  2730 | D:4      | Noticed a phantom
  2736 | D:4      | Noticed Blork the orc
  2763 | D:4      | HP: 2/46 [something (5)]
  3175 | D:4      | Noticed Ijyb
  3189 | D:4      | Splashed by Ijyb's acid

Levels and vault maps discovered:
D:1:      lemuel_arrival_muddy, layout_rooms
D:2:      layout_basic, marbit_many_paths, kennysheep_generic_room_13
D:3:      layout_basic, minmay_crystal_water, kennysheep_slug_shrine,
          uniq_natasha, uniq_robin
D:4:      layout_loops_ring, temple_doors_e, uniq_ijyb, uniq_blork_the_orc

Skill      XL: |  1  2  3  4  5  6 |
---------------+-------------------+-----
Polearms       | 5 7 |  7.3
Dodging        | 5 |  5.6
Armour         | 1 |  1.6
Stealth        | 1 |  1.1
Fighting       | 3 |  3.0
Throwing       | |  2.2
Spellcasting   | |  0.3

Action                   |  1- 3 |  4- 6 || total
-------------------------+-------+-------++-------
Melee: Trident           |   152 |   229 ||   381
  Use: Scroll            |       |     7 ||     7
       Potion            |       |     3 ||     3
 Stab: Sleeping          |       |     2 ||     2
  Eat: Chunk             |       |     6 ||     6
Armor: Leather armour    |    29 |    17 ||    46
       Ring mail         |       |    23 ||    23
Dodge: Dodged            |   116 |   157 ||   273

Table legend:
 A = Non-vault XP
 B = Vault XP
 C = Vault XP percentage of total XP
 D = Non-vault monster count
 E = Vault monster count
 F = Vault count percentage of total count
                 A         B        C        D         E       F
            +---------+---------+-------+---------+---------+-------
      Total |     349 |     108 |  23.6 |      79 |      15 |  16.0
            +---------+---------+-------+---------+---------+-------
        D:1 |      53 |       0 |   0.0 |      28 |       0 |   0.0
        D:2 |      68 |      33 |  32.7 |      19 |       1 |   5.0
        D:3 |     121 |      75 |  38.3 |      21 |      14 |  40.0
        D:4 |     107 |       0 |   0.0 |      11 |       0 |   0.0
            +---------+---------+-------+---------+---------+-------
